[Event "Titled Tuesday Blitz January 04 2022"]
[White "Gunina, Valentina"]
[Black "Samadov, Read"]
[WhiteFideId "4167570"]
[BlackFideId "13417444"]
[WhiteElo "2465"]
[BlackElo "2084"]
[Result "1/2-1/2"]
[Round "09"]
[TimeControl "180+1"]
[Date "2022.01.04"]
[WhiteClock "0:00:30"]
[BlackClock "0:00:08"]

1. d4 Nf6 2. c4 g6 3. Nc3 Bg7 4. e4 d6 5. Nf3 O-O 6. Be2 e5 7. O-O Nc6 8. Be3 Ng4 9. Bg5 f6 10. Bh4 h5 11. Bg3 Nh6 12. d5 Ne7 13. Ne1 f5 14. Bh4 Bf6 15. Bxf6 Rxf6 16. f4 exf4 17. Rxf4 Kg7 18. Qd4 Nf7 19. Nd3 g5 20. Rf2 g4 21. Raf1 Nh6 22. e5 dxe5 23. Nxe5 Ng6 24. Ne4 Nxe5 25. Qxe5 Nf7 26. Qxf6+ Qxf6 27. Nxf6 Kxf6 28. Bd3 Nh6 29. Re2 Bd7 30. Rfe1 Ng8 31. c5 Rd8 32. Bc4 b5 33. Bb3 a5 34. d6 cxd6 35. cxd6 Nh6 36. Re7 f4 37. Rh7 Nf5 38. Rd1 a4 39. Bd5 Ne3 40. Rd4 Ke5 41. Rd2 Nxd5 42. Rxh5+ Bf5 43. Rxf5+ Kxf5 44. Rxd5+ Ke6 45. Rxb5 Rxd6 46. Rb4 Rd1+ 47. Kf2 Rd2+ 48. Kf1 Kf5 49. a3 Rc2 50. Rxa4 Rxb2 51. Rb4 Ra2 52. a4 Ra1+ 53. Ke2 Ra2+ 54. Kf1 Ra1+ 55. Kf2 Ra2+ 56. Kf1 1/2-1/2


[Site "https://www.chess.com"]

[Event "Titled Tuesday Blitz January 04 2022"]
[White "Hakobyan, Aram"]
[Black "Efimenko, Zahar"]
[WhiteFideId "13306677"]
[BlackFideId "14107201"]
[WhiteElo "2557"]
[BlackElo "2528"]
[Result "1-0"]
[Round "09"]
[TimeControl "180+1"]
[Date "2022.01.04"]
[WhiteClock "0:00:05"]
[BlackClock "0:00:01"]

1. d4 d6 2. Nf3 g6 3. e4 Nf6 4. Nc3 Bg7 5. Be2 O-O 6. Bf4 Bg4 7. O-O Nc6 8. d5 Bxf3 9. Bxf3 Ne5 10. Be2 c6 11. Bxe5 dxe5 12. dxc6 bxc6 13. Qxd8 Rfxd8 14. Rfd1 Rd4 15. Bd3 Ne8 16. Ne2 Rdd8 17. Ba6 Nd6 18. f3 Rab8 19. b3 f5 20. Nc3 Kf7 21. Rd3 e6 22. Rad1 Ke7 23. Kf2 Bh6 24. Ke2 Bg5 25. Bc4 h5 26. Na4 fxe4 27. fxe4 Nxe4 28. Rxd8 Rxd8 29. Rxd8 Kxd8 30. Bd3 Nd6 31. Nc5 Ke7 32. Bxg6 h4 33. Be4 Bf4 34. h3 Nb5 35. Kd3 Kd6 36. b4 Bg3 37. Nb7+ Kc7 38. Na5 Nd6 39. Bxc6 Be1 40. a3 Bf2 41. Be4 Bb6 42. Nc4 Nxc4 43. Kxc4 Bd4 44. Kb5 Be3 45. c4 Bc1 46. a4 Bd2 47. c5 Be1 48. Kc4 Bd2 49. Bf3 Be3 50. Kb5 Bd2 51. Be4 Be1 52. Bd3 Bd2 53. Kc4 Be1 54. b5 Bf2 55. Be4 Be1 56. Bf3 Bd2 57. Kd3 Be1 58. Ke4 Bg3 59. c6 Kd6 60. Bg4 Bf2 61. Kd3 Bb6 62. g3 hxg3 63. Bf3 e4+ 64. Kxe4 1-0


[Site "https://www.chess.com"]

[Event "Titled Tuesday Blitz January 04 2022"]
[White "Hasangatin, Ramil"]
[Black "Moroni, Luca Jr"]
[WhiteFideId "4122160"]
[BlackFideId "865834"]
[WhiteElo "2375"]
[BlackElo "2573"]
[Result "1-0"]
[Round "09"]
[TimeControl "180+1"]
[Date "2022.01.04"]
[WhiteClock "0:00:07"]
[BlackClock "0:00:06"]

1. e4 g6 2. d4 Bg7 3. Nc3 d6 4. Nf3 Nf6 5. h3 O-O 6. Be3 d5 7. e5 Ne4 8. Bd3 Nxc3 9. bxc3 c5 10. O-O Nc6 11. Re1 Qa5 12. Qd2 cxd4 13. cxd4 Qxd2 14. Bxd2 Be6 15. Rab1 b6 16. Ba6 Rab8 17. a4 Bf5 18. Bd3 Bxd3 19. cxd3 Rfc8 20. Rec1 e6 21. Rc2 Ne7 22. Rxc8+ Rxc8 23. a5 bxa5 24. Bxa5 Nc6 25. Rc1 Bf8 26. Kf1 Ne7 27. Ra1 Nc6 28. Rc1 Ba3 29. Rc2 h6 30. h4 Kg7 31. g4 h5 32. g5 Bf8 33. Ke2 Ne7 34. Ra2 Nf5 35. Bd2 Rc7 36. Kd1 Be7 37. Ra6 Kf8 38. Ba5 Rb7 39. Kc2 Ke8 40. Bc3 Kd7 41. Ba5 Ba3 42. Bc3 Bf8 43. Ba5 Be7 44. Bc3 Bd8 45. Bd2 Bb6 46. Bc3 Rc7 47. Kd2 Kc8 48. Ra2 Kb7 49. Ra4 Rc8 50. Ra2 a5 51. Ra3 Ra8 52. Ra4 Kc6 53. Kc2 Kb5 54. Kb3 Rc8 55. Ra1 a4+ 56. Kb2 Bd8 57. Rb1 Ka6 58. Ra1 Kb5 59. Rb1 Be7 60. Kc2+ Ka6 61. Ra1 a3 62. Kb3 Kb5 63. Rb1 Ka6 64. Ra1 Rb8+ 65. Kc2 Kb5 66. Rb1+ Ka6 67. Rxb8 a2 68. Ra8+ Kb7 69. Rxa2 Bd8 70. Rb2+ Kc6 71. Rb1 Kc7 72. Kd2 Kd7 73. Rb3 Ne7 74. Bb4 Nc6 75. Bc5 Ba5+ 76. Ke3 Kc8 77. Ra3 Bc7 78. Ra1 Kb7 79. Rb1+ Ka6 80. Rc1 Na5 81. Bd6 Bb6 82. Rc8 Nb3 83. Bc5 Ba5 84. Rf8 Kb5 85. Rxf7 Ka4 86. Rf6 Na1 87. Rxg6 Nc2+ 88. Kf4 Kb3 89. Rxe6 Kc3 90. g6 Kxd3 91. g7 1-0


[Site "https://www.chess.com"]

[Event "Titled Tuesday Blitz January 04 2022"]
[White "Hjartarson, Johann"]
[Black "Djordjevic, Vuk"]
[WhiteFideId "2300044"]
[BlackFideId "902098"]
[WhiteElo "2484"]
[BlackElo "2463"]
[Result "0-1"]
[Round "09"]
[TimeControl "180+1"]
[Date "2022.01.04"]
[WhiteClock "0:00:01"]
[BlackClock "0:00:03"]

1. d4 Nf6 2. c4 e6 3. Nc3 Bb4 4. e3 O-O 5. Ne2 d5 6. a3 Be7 7. Ng3 a6 8. b3 dxc4 9. bxc4 c5 10. d5 exd5 11. cxd5 b5 12. e4 Bd6 13. Bd3 Bg4 14. f3 Bd7 15. O-O Be5 16. Bd2 b4 17. axb4 cxb4 18. Nce2 Bxa1 19. Qxa1 Qb6+ 20. Kh1 Bb5 21. Bxb5 Qxb5 22. Nd4 Qb6 23. Ngf5 Nbd7 24. Nc6 b3 25. Bc3 Rfc8 26. g4 h6 27. h4 Qc7 28. g5 hxg5 29. hxg5 Nh5 30. d6 Qxc6 31. Ne7+ Kf8 32. Nxc6 Rxc6 33. Rb1 Rb8 34. e5 Nc5 35. Qa3 Ng3+ 36. Kh2 Nf5 37. d7 Kg8 38. Rd1 Ne6 39. Ba5 Rc2+ 40. Kg1 Nxg5 41. d8=Q+ Rxd8 42. Rxd8+ Kh7 43. Rd3 Ng3 44. Bd2 b2 45. Kg2 b1=Q 46. Kxg3 Rxd2 47. Rxd2 Qf5 48. Qd3 Qxd3 49. Rxd3 Ne6 50. Kg4 Kg6 51. Rd6 a5 52. Ra6 Kh7 53. Rxa5 g6 54. Ra6 Kg7 55. f4 Nd4 56. Rb6 Nf5 57. Kg5 Nd4 58. Rb7 Ne6+ 59. Kg4 Nd4 60. Rd7 Ne6 61. f5 gxf5+ 62. Kxf5 Nc5 63. Re7 Kf8 64. Rc7 Na6 65. Ra7 Nc5 66. Rc7 Ne6 67. Rb7 Nc5 68. Ra7 Kg7 0-1


[Site "https://www.chess.com"]

[Event "Titled Tuesday Blitz January 04 2022"]
[White "Howell, David W L"]
[Black "Albornoz Cabrera, Carlos Daniel"]
[WhiteFideId "410608"]
[BlackFideId "3518736"]
[WhiteElo "2559"]
[BlackElo "2490"]
[Result "1-0"]
[Round "09"]
[TimeControl "180+1"]
[Date "2022.01.04"]
[WhiteClock "0:00:11"]
[BlackClock "0:00:07"]

1. e4 c5 2. Nf3 d6 3. d4 cxd4 4. Nxd4 Nf6 5. Nc3 Nc6 6. Bg5 e6 7. Qd2 Be7 8. O-O-O a6 9. f3 Bd7 10. h4 b5 11. Kb1 b4 12. Nxc6 Bxc6 13. Ne2 Qb6 14. g4 a5 15. Be3 Qb7 16. g5 Nd7 17. Nd4 Nc5 18. Nxc6 Qxc6 19. h5 Rb8 20. Qd4 Rg8 21. Be2 a4 22. Rd2 Rb6 23. Rhd1 h6 24. gxh6 gxh6 25. Bxh6 a3 26. b3 Bg5 27. Bxg5 Rxg5 28. h6 Rh5 29. Qg7 Nd7 30. Bc4 Nf8 31. Rg2 Qc5 32. Qf6 Qe3 33. Rg8 Qxh6 34. Qd4 Rc5 35. Rdg1 Ke7 36. Rh8 Qf6 37. Qxf6+ Kxf6 38. Rxf8 d5 39. exd5 exd5 40. Bd3 d4 41. Rd8 Re6 42. Rxd4 Rce5 43. Rc1 Re1 44. Rxb4 Rxc1+ 45. Kxc1 Re1+ 46. Kd2 Ra1 47. Ra4 Rxa2 48. b4 Ra1 49. b5 Ke5 50. b6 Kd6 51. Kc3 1-0


[Site "https://www.chess.com"]

[Event "Titled Tuesday Blitz January 04 2022"]
[White "Ibarra Jerez, Jose Carlos"]
[Black "Danada, Tomas"]
[WhiteFideId "2226332"]
[BlackFideId "14919362"]
[WhiteElo "2626"]
[BlackElo "2051"]
[Result "0-1"]
[Round "09"]
[TimeControl "180+1"]
[Date "2022.01.04"]
[WhiteClock "0:00:04"]
[BlackClock "0:00:02"]

1. Nf3 a6 2. g3 b5 3. Bg2 Bb7 4. O-O g6 5. d3 Bg7 6. e4 d6 7. a4 Nd7 8. Nh4 e6 9. f4 Ne7 10. Nc3 b4 11. Ne2 Qb8 12. a5 f5 13. Nf3 Qa7+ 14. Kh1 fxe4 15. Ng5 exd3 16. Qxd3 Bxg2+ 17. Kxg2 Nc5 18. Qf3 Nf5 19. Be3 Nxe3+ 20. Qxe3 O-O 21. Rae1 Bxb2 22. Nd4 Rae8 23. Kh3 Qb7 24. Ndxe6 h6 25. f5 hxg5 26. Qxg5 Nxe6 27. fxe6 c5 28. Rf7 Rxf7 29. Qxg6+ Kf8 30. exf7 Qxf7 31. Qxd6+ Kg7 32. Rxe8 Qxe8 33. Qxc5 Qe6+ 34. g4 Bc3 35. Qa7+ Kg6 36. Qf2 Qe4 37. Qb6+ Kh7 38. Qa7+ Bg7 39. Qf2 Kg6 40. Qb6+ Kh7 41. Qf2 Qg6 42. Qe2 Qh6+ 43. Kg2 Qc6+ 44. Kg3 Qc3+ 45. Kg2 Qc6+ 46. Kh3 Qg6 47. Qc4 Qh6+ 48. Kg3 Qe3+ 49. Kg2 Qd2+ 50. Kh3 Qd6 51. Qe4+ Kg8 52. g5 Qd7+ 53. Kg3 Qd6+ 54. Kg2 Qd2+ 55. Kh3 Qxg5 56. Qa8+ Kh7 57. Qxa6 Qh5+ 58. Kg2 Qg4+ 59. Kf1 Qf3+ 60. Kg1 Bd4# 0-1


[Site "https://www.chess.com"]

[Event "Titled Tuesday Blitz January 04 2022"]
[White "Jary, Sergey"]
[Black "Donchenko, Alexander"]
[WhiteFideId "14110350"]
[BlackFideId "24603295"]
[WhiteElo "2260"]
[BlackElo "2539"]
[Result "1-0"]
[Round "09"]
[TimeControl "180+1"]
[Date "2022.01.04"]
[WhiteClock "0:00:07"]
[BlackClock "0:00:59"]

1. e4 c5 2. Nf3 d6 3. d4 cxd4 4. Nxd4 Nf6 5. f3 e5 6. Bb5+ Nbd7 7. Nf5 a6 8. Bxd7+ Qxd7 9. Nc3 g6 10. Bg5 gxf5 11. Bxf6 Rg8 12. O-O Qc6 13. Nd5 Be6 14. c4 Rg6 15. Bh4 Bh6 16. Kh1 Qxc4 17. Nb6 Qc6 18. Nxa8 b5 19. Rc1 Bxc1 20. Qxc1 Qxa8 21. Qc7 Kf8 22. Qxd6+ Kg8 23. Qxe5 fxe4 24. fxe4 Rg4 25. Bf6 Qc8 26. h3 Rg6 27. Rd1 Bd7 28. Qe7 Be8 29. Kh2 Qc6 30. Rd8 Rxf6 31. Rxe8+ Kg7 32. Qf8+ Kg6 33. Qg8+ Kh6 34. Re5 Rg6 35. Qxf7 Qd6 36. Qf4+ Kg7 37. Rf5 Qe6 38. Qe5+ Qxe5+ 39. Rxe5 Kf7 40. Rc5 Rd6 41. e5 Rd2 42. Rc7+ Kg8 43. e6 Re2 44. e7 Kf7 45. Ra7 Rxb2 46. a3 Rb3 47. Rxa6 Kxe7 48. Ra7+ Kf6 49. Rxh7 Rxa3 50. Rb7 Rb3 51. g4 b4 52. h4 Kg6 53. Rb6+ Kh7 54. h5 Kg7 55. g5 Rb1 56. Rb7+ Kf8 57. h6 Rb2+ 58. Kg3 Rb1 59. Kg4 b3 60. Kh5 b2 61. Kg6 Re1 62. Rxb2 Re6+ 63. Kf5 Ra6 64. Rb8+ Kf7 65. h7 Ra5+ 66. Kg4 Ra4+ 67. Kh5 Ra1 68. h8=Q Rh1+ 69. Kg4 Rxh8 70. Rxh8 1-0


[Site "https://www.chess.com"]

[Event "Titled Tuesday Blitz January 04 2022"]
[White "Kim, Sergey"]
[Black "Harshavardhan G B"]
[WhiteFideId "13700570"]
[BlackFideId "25059009"]
[WhiteElo "2612"]
[BlackElo "1831"]
[Result "0-1"]
[Round "09"]
[TimeControl "180+1"]
[Date "2022.01.04"]
[WhiteClock "0:02:33"]
[BlackClock "0:02:31"]

1. d4 d5 2. c4 e6 3. Nc3 c6 4. e3 Nf6 5. Nf3 Nbd7 6. Be2 Bd6 7. O-O O-O 8. b3 Ne4 9. Bb2 f5 10. Re1 Qf6 11. Rc1 g5 12. Bf1 g4 13. Nd2 Bxh2+ 0-1


[Site "https://www.chess.com"]

[Event "Titled Tuesday Blitz January 04 2022"]
[White "Kobo, Ori"]
[Black "Bortnyk, Olexandr"]
[WhiteFideId "2812320"]
[BlackFideId "14120828"]
[WhiteElo "2420"]
[BlackElo "2723"]
[Result "1/2-1/2"]
[Round "09"]
[TimeControl "180+1"]
[Date "2022.01.04"]
[WhiteClock "0:00:06"]
[BlackClock "0:00:06"]

1. d4 d6 2. e4 Nf6 3. Nc3 Nbd7 4. Nge2 e5 5. h3 b5 6. a3 a5 7. g4 Bb7 8. Bg2 b4 9. Nd5 Be7 10. axb4 Nxd5 11. exd5 axb4 12. Rxa8 Qxa8 13. dxe5 Nxe5 14. O-O O-O 15. Nd4 Bxd5 16. Bxd5 Qxd5 17. f4 Qc5 18. Kh2 Bf6 19. Nb3 Qc4 20. fxe5 Bxe5+ 21. Kg2 f5 22. Qd3 Qc6+ 23. Kg1 fxg4 24. Rxf8+ Kxf8 25. Qf5+ Kg8 26. Qc8+ Kf7 27. Qf5+ Kg8 28. hxg4 Qd5 29. Qc8+ Kf7 30. Qf5+ Kg8 31. Qd3 Qe6 32. Qf3 Qc4 33. Qa8+ Kf7 34. Qf3+ Kg8 35. Qg2 h6 36. g5 hxg5 37. Qa8+ Kh7 38. Qg2 g4 39. Be3 Bxb2 40. Qh2+ Kg6 41. Qf2 Be5 42. Kg2 Qe4+ 43. Kg1 g3 44. Qe2 c5 45. Nd2 Qxc2 46. Qg4+ Kf7 47. Qd7+ Kg8 48. Qe8+ Kh7 49. Qh5+ Kg8 50. Qe8+ Kh7 51. Qh5+ Kg8 52. Qe8+ 1/2-1/2


[Site "https://www.chess.com"]

[Event "Titled Tuesday Blitz January 04 2022"]
[White "Kosakowski, Jakub"]
[Black "Gvanceladze, Anna"]
[WhiteFideId "1185080"]
[BlackFideId "4113721"]
[WhiteElo "2476"]
[BlackElo "2048"]
[Result "1-0"]
[Round "09"]
[TimeControl "180+1"]
[Date "2022.01.04"]
[WhiteClock "0:00:45"]
[BlackClock "0:00:02"]

1. d4 d5 2. Bf4 Nf6 3. e3 c5 4. Nd2 Nc6 5. c3 cxd4 6. exd4 Bf5 7. Ngf3 e6 8. Bb5 Be7 9. Ne5 Qb6 10. a4 O-O 11. Bxc6 bxc6 12. b4 a5 13. bxa5 Rxa5 14. O-O Rfa8 15. Re1 Ne4 16. Nxe4 Bxe4 17. Qg4 Rxa4 18. Rad1 Bf5 19. Qg3 Ra3 20. Bh6 Bg6 21. Bf4 Qb2 22. Nxc6 Bf6 23. Bc1 Qxc3 24. Bxa3 Qxc6 25. Bd6 h6 26. Be5 Bxe5 27. Qxe5 Ra2 28. h4 Qc2 29. Rf1 Bd3 30. Rc1 Qb2 31. Rc8+ Kh7 32. Rf8 f6 33. Qxe6 Qxd4 34. h5 Bxf1 35. Qg8# 1-0


[Site "https://www.chess.com"]

[Event "Titled Tuesday Blitz January 04 2022"]
[White "Maksimovic, Bojan"]
[Black "Nesterov, Arseniy"]
[WhiteFideId "14408120"]
[BlackFideId "24198455"]
[WhiteElo "2450"]
[BlackElo "2489"]
[Result "1/2-1/2"]
[Round "09"]
[TimeControl "180+1"]
[Date "2022.01.04"]
[WhiteClock "0:00:06"]
[BlackClock "0:00:10"]

1. d4 d5 2. c4 e6 3. Nf3 Nf6 4. g3 a6 5. cxd5 exd5 6. Bg2 c6 7. O-O Bd6 8. Bf4 O-O 9. Qc2 Re8 10. Nc3 g6 11. Rfe1 Qc7 12. Bxd6 Qxd6 13. e4 dxe4 14. Nxe4 Rxe4 15. Rxe4 Bf5 16. Nd2 Nbd7 17. Rae1 Nxe4 18. Nxe4 Qxd4 19. Qb3 Bxe4 20. Rxe4 Qb6 21. Qxb6 Nxb6 22. Rb4 Nd5 23. Rxb7 Re8 24. Bxd5 cxd5 25. Rb4 Re2 26. Kf1 Rc2 27. a3 Kg7 28. b3 Rb2 29. Rb6 d4 30. b4 d3 31. Ke1 Re2+ 32. Kd1 Rxf2 33. Rxa6 Rxh2 34. b5 Rb2 35. b6 h5 36. a4 g5 37. Ra5 Rxb6 38. Rxg5+ Kh6 39. Rd5 Rb3 40. a5 Ra3 41. Kd2 Kg6 42. Kd1 f5 43. Kd2 Kg5 44. Rxd3 Rxa5 45. Ke2 Kg4 46. Re3 Ra2+ 47. Kf1 Rb2 48. Kg1 Kh3 49. Rf3 Rb5 50. Kf2 Rb2+ 51. Kg1 Rg2+ 52. Kf1 Rxg3 53. Rxf5 Kg4 54. Rf8 h4 55. Rg8+ Kh3 56. Rf8 Kh2 57. Kf2 h3 58. Rf7 Rg2+ 59. Kf1 Ra2 60. Rf8 Kh1 61. Rf7 Ra3 62. Rf8 Kh2 63. Rf7 Ra4 64. Kf2 Rg4 65. Rf8 Rg5 66. Rf7 Rg8 67. Rf6 Kh1 68. Rf7 h2 69. Rf6 Rg7 70. Rf8 Ra7 71. Rf6 Ra2+ 72. Kf1 Ra1+ 73. Kf2 Ra3 74. Rf7 Ra4 75. Rf8 Rb4 76. Kf1 Rb2 77. Rf7 Ra2 78. Rf8 Ra7 79. Kf2 Rf7+ 80. Rxf7 1/2-1/2


[Site "https://www.chess.com"]

[Event "Titled Tuesday Blitz January 04 2022"]
[White "Maly, Alexey"]
[Black "Svane, Rasmus"]
[WhiteFideId "14103184"]
[BlackFideId "4657101"]
[WhiteElo "2266"]
[BlackElo "2645"]
[Result "1/2-1/2"]
[Round "09"]
[TimeControl "180+1"]
[Date "2022.01.04"]
[WhiteClock "0:00:06"]
[BlackClock "0:00:06"]

1. d4 Nf6 2. c4 e6 3. Nf3 d5 4. e3 b6 5. Nbd2 Bb7 6. Bd3 Bd6 7. O-O O-O 8. Qe2 c5 9. b3 cxd4 10. exd4 Nc6 11. Bb2 Rc8 12. Rac1 Re8 13. Rfd1 Qe7 14. Bb1 Red8 15. Ne5 Ba3 16. Ndf3 Bxb2 17. Qxb2 dxc4 18. bxc4 Nxe5 19. Nxe5 Nd7 20. Nd3 Qg5 21. Ne1 Rc7 22. f3 Rdc8 23. Bd3 Qe3+ 24. Kh1 h5 25. Nc2 Qf4 26. Ne1 h4 27. Qf2 Ba6 28. c5 Bb7 29. Rb1 bxc5 30. Rxb7 Rxb7 31. Ba6 Rbc7 32. Bxc8 Rxc8 33. dxc5 Nxc5 34. Rd4 Qc1 35. Qxh4 e5 36. Rd8+ Rxd8 37. Qxd8+ Kh7 38. Qh4+ Kg6 39. h3 f5 40. Kh2 Qf4+ 41. Qxf4 exf4 42. g3 Kg5 43. h4+ Kh5 44. gxf4 Kxh4 45. Nc2 Nd3 46. Ne3 g6 47. Ng2+ Kh5 48. Kg3 a5 49. a3 g5 50. fxg5 Kxg5 51. f4+ Kf6 52. Kf3 Nb2 53. Ne3 Ke6 54. Kg3 Nd3 55. Nc4 a4 56. Nb6 Nc5 57. Kh4 Kf6 58. Nd5+ Kg6 59. Nb6 Kf6 60. Nd5+ Ke6 61. Nb6 Kd6 62. Kg5 Ke6 63. Kg6 Nd3 64. Kg5 Nf2 65. Nxa4 Nh3+ 66. Kh4 Nxf4 67. Kg3 Nd3 68. Nc3 Ke5 69. Kf3 Ne1+ 70. Ke2 Nc2 71. a4 Nd4+ 72. Kd3 f4 73. a5 f3 74. Ke3 Kd6 75. Kxd4 f2 76. Ne4+ Kc6 77. Nxf2 Kb5 78. a6 Kxa6 1/2-1/2


[Site "https://www.chess.com"]

[Event "Titled Tuesday Blitz January 04 2022"]
[White "Murzin, Volodar"]
[Black "Atakhan, Abtin"]
[WhiteFideId "44155573"]
[BlackFideId "22502203"]
[WhiteElo "2585"]
[BlackElo "2119"]
[Result "1-0"]
[Round "09"]
[TimeControl "180+1"]
[Date "2022.01.04"]
[WhiteClock "0:00:17"]
[BlackClock "0:00:08"]

1. e4 c6 2. Nf3 d5 3. exd5 cxd5 4. Ne5 Nf6 5. d4 Nc6 6. Bb5 Bd7 7. Bxc6 Bxc6 8. O-O e6 9. Bg5 Be7 10. Nd2 O-O 11. c3 Rc8 12. Re1 h6 13. Bh4 Nd7 14. Nxd7 Qxd7 15. Bxe7 Qxe7 16. Qg4 Bd7 17. Nf3 e5 18. Qh5 e4 19. Qxd5 Bc6 20. Qh5 f6 21. Nh4 f5 22. Ng6 Qf7 23. Nf4 Qxh5 24. Nxh5 f4 25. g3 g5 26. Rad1 Be8 27. g4 Bg6 28. d5 Kf7 29. d6 Rfd8 30. Rd4 Rc6 31. Red1 Rd7 32. Rd5 Ke6 33. Ng7+ Kf6 34. Nf5 Ke6 35. Kf1 h5 36. h3 hxg4 37. hxg4 Ra6 38. c4 Kf6 39. a3 Rb6 40. b4 Rc6 41. c5 Rc8 42. b5 Rh8 43. Kg2 Bf7 44. c6 bxc6 45. bxc6 Bxd5 46. Rxd5 Rdh7 47. d7 Rh1 48. d8=Q+ Rxd8 49. Rxd8 Rh7 50. Rd6+ Ke5 51. Rd7 f3+ 52. Kg3 Rh1 53. Re7+ Kf6 54. c7 Rg1+ 55. Kh2 Rc1 56. Rxe4 Rxc7 57. Kg3 Rc3 58. Re3 Rc1 59. Rxf3 Ke5 60. Re3+ Kf6 61. Kf3 Rc4 62. Ng3 Rf4+ 63. Kg2 Rxg4 64. Re4 Rxe4 65. Nxe4+ Kf5 66. Kf3 a6 67. Ke3 Ke5 68. Nc5 a5 69. Nb3 a4 70. Nc5 Kd5 71. Nxa4 Kc4 72. Nb2+ Kb3 73. Nd3 Kxa3 74. Ne5 Kb4 75. Nf3 g4 76. Ne5 g3 77. fxg3 1-0


[Site "https://www.chess.com"]

[Event "Titled Tuesday Blitz January 04 2022"]
[White "Nakamura, Hikaru"]
[Black "Tristan, Leonardo"]
[WhiteFideId "2016192"]
[BlackFideId "113816"]
[WhiteElo "2850"]
[BlackElo "2404"]
[Result "1-0"]
[Round "09"]
[TimeControl "180+1"]
[Date "2022.01.04"]
[WhiteClock "0:01:30"]
[BlackClock "0:00:13"]

1. Nf3 d5 2. e3 Nf6 3. d4 e6 4. c4 b6 5. cxd5 exd5 6. Bb5+ c6 7. Bd3 Bd6 8. Nc3 O-O 9. Ne5 c5 10. O-O Bb7 11. f4 Nbd7 12. Bd2 Ne4 13. Be1 f6 14. Nxd7 Qxd7 15. Nxe4 dxe4 16. Bc4+ Kh8 17. dxc5 bxc5 18. Bc3 Rad8 19. Qh5 Qe8 20. Qe2 f5 21. g4 Qg6 22. g5 Bc6 23. Ba5 Rb8 24. Rad1 Be8 25. h4 Be7 26. Rd2 Bf7 27. Rc1 Bxc4 28. Rxc4 Qa6 29. Ra4 Rb5 30. b3 Qc6 31. Bc3 Rb7 32. Ra6 Qe8 33. h5 Rd7 34. h6 Kg8 35. hxg7 Rf7 36. Qb5 Bd8 37. Rad6 1-0


[Site "https://www.chess.com"]

[Event "Titled Tuesday Blitz January 04 2022"]
[White "Narayanan.S.L"]
[Black "Vakhlamov, Igor L."]
[WhiteFideId "5058422"]
[BlackFideId "24126748"]
[WhiteElo "2494"]
[BlackElo "2401"]
[Result "1-0"]
[Round "09"]
[TimeControl "180+1"]
[Date "2022.01.04"]
[WhiteClock "0:01:31"]
[BlackClock "0:00:06"]

1. c4 Nf6 2. Nc3 c5 3. Nf3 Nc6 4. e3 e6 5. d4 d5 6. a3 a6 7. dxc5 Bxc5 8. b4 Bd6 9. Ra2 O-O 10. Rd2 Qe7 11. Bb2 Rd8 12. cxd5 exd5 13. Be2 Be6 14. O-O Rac8 15. h3 Ne5 16. Nd4 Nc4 17. Bxc4 Rxc4 18. Qf3 Be5 19. Rfd1 Rdc8 20. Rd3 h6 21. Nce2 Ne4 22. Nxe6 Bxb2 23. N6f4 Nf6 24. Nxd5 Nxd5 25. Qxd5 Rc2 26. Ng3 Be5 27. Nf5 Qf6 28. Qf3 Kh7 29. Rd7 Ra2 30. Qd5 Qxf5 31. Qxa2 Rc2 32. Qxf7 Rxf2 33. Qxf5+ Rxf5 34. R7d5 Kg6 35. g4 Rg5 36. Kg2 h5 37. Kf3 hxg4+ 38. hxg4 Kf6 39. Rd7 b5 40. Ra7 Bb2 41. Rxa6+ Ke7 42. Rd2 Rd5 43. Rxd5 1-0


[Site "https://www.chess.com"]

[Event "Titled Tuesday Blitz January 04 2022"]
[White "Nepomniachtchi, Ian"]
[Black "Ibrahimli, Murad"]
[WhiteFideId "4168119"]
[BlackFideId "13410229"]
[WhiteElo "2740"]
[BlackElo "2109"]
[Result "1-0"]
[Round "09"]
[TimeControl "180+1"]
[Date "2022.01.04"]
[WhiteClock "0:01:33"]
[BlackClock "0:00:02"]

1. e4 c5 2. Nf3 d6 3. d4 cxd4 4. Nxd4 Nf6 5. Nc3 a6 6. Rg1 e5 7. Nb3 h5 8. Bg5 Be6 9. Qd2 Nbd7 10. f4 Rc8 11. Bd3 Be7 12. O-O-O b5 13. Kb1 Qc7 14. h3 h4 15. Rgf1 Nb6 16. a3 Na4 17. Nd5 Nxd5 18. exd5 Bxg5 19. dxe6 Bxf4 20. exf7+ Kf8 21. Rxf4 exf4 22. Qxf4 Qe7 23. Rf1 Qe5 24. Qc1 Rh6 25. Rf5 Qg3 26. Nd4 Nc5 27. Rf3 Qxg2 28. Qe3 Nxd3 29. cxd3 Rf6 30. Rxf6 gxf6 31. Qe6 Qb7 32. Nf5 Qc7 33. Nxd6 Rd8 34. Qe8+ 1-0


[Site "https://www.chess.com"]

[Event "Titled Tuesday Blitz January 04 2022"]
[White "Nguyen, Ngoc Truong Son"]
[Black "Lorparizangeneh, Shahin"]
[WhiteFideId "12401110"]
[BlackFideId "12521604"]
[WhiteElo "2596"]
[BlackElo "2525"]
[Result "0-1"]
[Round "09"]
[TimeControl "180+1"]
[Date "2022.01.04"]
[WhiteClock "0:00:04"]
[BlackClock "0:00:19"]

1. d4 d5 2. Nf3 Nf6 3. c4 e6 4. Nc3 a6 5. cxd5 exd5 6. Bf4 Bd6 7. Bg3 O-O 8. e3 c6 9. Bd3 Re8 10. Qc2 a5 11. O-O-O Na6 12. a3 Bg4 13. Bh4 h6 14. h3 Bxf3 15. gxf3 b5 16. Rdg1 b4 17. Ne4 dxe4 18. fxe4 bxa3 19. e5 axb2+ 20. Kb1 Be7 21. Bxf6 Bxf6 22. Bc4 Kh8 23. Bxf7 Rf8 24. Bc4 Nb4 25. Qg6 Qe7 26. f4 a4 27. Qh5 a3 28. Rg6 a2+ 29. Kxb2 Rab8 30. Kc3 Nd5+ 0-1


[Site "https://www.chess.com"]

[Event "Titled Tuesday Blitz January 04 2022"]
[White "Panesar Vedant"]
[Black "Costachi, Mihnea"]
[WhiteFideId "35033018"]
[BlackFideId "1217518"]
[WhiteElo "1971"]
[BlackElo "2464"]
[Result "0-1"]
[Round "09"]
[TimeControl "180+1"]
[Date "2022.01.04"]
[WhiteClock "0:00:02"]
[BlackClock "0:00:06"]

1. d4 Nf6 2. c4 g6 3. Nc3 d5 4. cxd5 Nxd5 5. e4 Nxc3 6. bxc3 c5 7. Nf3 Bg7 8. Bb5+ Bd7 9. Be2 cxd4 10. cxd4 O-O 11. O-O Nc6 12. Rb1 b6 13. Be3 Bg4 14. d5 Bxf3 15. Bxf3 Ne5 16. Be2 Qd6 17. f4 Nd7 18. Bf3 Qa3 19. Qb3 Qxb3 20. axb3 Rac8 21. Rfc1 Nc5 22. e5 f6 23. Bg4 f5 24. Be2 Rfd8 25. Bc4 Kf8 26. b4 Ne4 27. Ba6 Rxc1+ 28. Rxc1 g5 29. g3 gxf4 30. gxf4 Bh6 31. Rc8 Rxc8 32. Bxc8 Nc3 33. Bxf5 Nxd5 34. Bd2 Kg7 35. Be4 Nxf4 36. Bxf4 Bxf4 37. e6 Kf6 38. Bxh7 Kxe6 39. b5 Kd5 40. Kg2 Kc4 41. h4 Kxb5 42. Kf3 Bc1 43. Ke4 a5 44. Kd3 a4 45. Kc2 Bh6 46. h5 Kc5 47. Bg8 b5 48. Kc3 b4+ 49. Kc2 Bg7 50. Bf7 Kd4 51. Be8 b3+ 52. Kb2 Kc4+ 53. Ka3 b2 54. Bg6 Kb5 55. Ka2 Kb4 56. Bd3 a3 57. Bg6 e5 58. Be4 Bf8 59. Bg6 Kc3 60. h6 Bxh6 61. Kxa3 Bc1 62. Ka2 Kd2 63. Kb1 Kc3 64. Be4 Be3 65. Bf3 Bd4 66. Bg2 Kd2 67. Bh1 Bc3 68. Bg2 Kd3 69. Bh1 e4 70. Bg2 e3 71. Bf3 Kd2 72. Ka2 Kc1 73. Be2 b1=Q+ 0-1


[Site "https://www.chess.com"]

[Event "Titled Tuesday Blitz January 04 2022"]
[White "Pelopidass"]
[Black "Moskalenko, Alexander"]
[BlackFideId "4155351"]
[WhiteElo "2627"]
[BlackElo "2515"]
[Result "0-1"]
[Round "09"]
[TimeControl "180+1"]
[Date "2022.01.04"]
[WhiteClock "0:00:09"]
[BlackClock "0:00:14"]

1. d4 Nf6 2. Nf3 e6 3. g3 b6 4. Bg2 Bb7 5. O-O Be7 6. c4 O-O 7. Nc3 Ne4 8. Bd2 Bf6 9. Be1 c5 10. Qd3 Nxc3 11. Ng5 Bxg5 12. Bxb7 Nc6 13. Bxc3 Rb8 14. Bxc6 dxc6 15. dxc5 Qxd3 16. exd3 bxc5 17. d4 Bf6 18. dxc5 Bxc3 19. bxc3 Rb2 20. Rfb1 Rc2 21. Rc1 Rd2 22. Rd1 Rfd8 23. Rxd2 Rxd2 24. Rb1 g6 25. Rb7 Rxa2 26. Rc7 Ra4 27. Rxc6 Rxc4 28. Ra6 Rxc5 29. Rxa7 Rxc3 30. g4 Kg7 31. Kg2 g5 32. h3 h5 33. Ra5 Kf6 34. gxh5 Rc4 35. f3 Rh4 36. Rb5 Rxh5 37. Kg3 Rh4 38. Rb8 Rc4 39. Rg8 Kf5 40. Rf8 f6 41. Ra8 Rc3 42. Ra5+ e5 43. Ra4 Rd3 44. Rb4 Kg6 45. Kg2 Rd4 46. Rb6 Kf5 47. Ra6 Rd3 48. Rb6 Ra3 49. Rc6 Kg6 50. Rb6 Kf7 51. Rc6 Ra4 52. Rb6 e4 53. fxe4 Rxe4 54. Kg3 Re3+ 55. Kg2 Kg6 56. Rc6 Kf5 57. Rc5+ Re5 58. Rc4 Re4 59. Rc6 Re6 60. Rc5+ Kg6 61. Rb5 f5 62. Rc5 Kf6 63. Rc8 Ke5 64. Rg8 Kf4 65. Ra8 Re2+ 66. Kf1 Rd2 67. Ra3 Ke4 68. Kg1 Rd3 69. Ra5 Rxh3 70. Ra4+ Ke5 71. Kg2 g4 72. Ra5+ Kf4 73. Ra4+ Kg5 74. Ra8 Rc3 75. Rg8+ Kf4 76. Ra8 Rc2+ 77. Kf1 Kg3 78. Ra3+ Kh4 79. Ra4 Kg5 80. Ra5 g3 81. Kg1 Kg4 82. Ra3 f4 83. Ra8 Rc1+ 0-1


[Site "https://www.chess.com"]